 Dungeon Crawl Stone Soup version 0.27.1-1-g398f81649c (webtiles) character file.

Game seed: 3471074077091025871

62 Ha714701 the Chopper (level 4, 0/35 HPs)
             Began as a Human Fighter on Sept 21, 2021.
             Killed from afar by Ijyb (1 damage)
             ... with a puff of flame
             ... on level 2 of the Dungeon.
             The game lasted 00:07:05 (964 turns).

Ha714701 the Chopper (Human Fighter)                 Turns: 964, Time: 00:07:06

Health: 0/35       AC:  6    Str: 17    XL:     4   Next: 28%
Magic:  4/4        EV:  7    Int:  9    God:
Gold:   34         SH:  9    Dex: 12    Spells: 3/3 levels left

rFire    x . .     SeeInvis .   a - +0 war axe
rCold    + . .     Faith    .   c - +0 kite shield
rNeg     . . .     Spirit   .   b - +0 scale mail
rPois    .         Reflect  .   (no helmet)
rElec    .         Harm     .   (no cloak)
rCorr    .         Rampage  .   (no gloves)
Will     .....                  (no boots)
Stlth    ..........             (no amulet)
HPRegen  0.11/turn              j - ring of ice
MPRegen  0.09/turn              (no ring)

@: mighty
A: no striking features
a: no special abilities


You were on level 2 of the Dungeon.
You visited 1 branch of the dungeon, and saw 2 of its levels.

You collected 34 gold pieces.

Inventory:

Hand Weapons
 a - a +0 war axe (weapon)
 h - a +0 hunting sling
Missiles
 i - 16 stones (quivered)
Armour
 b - a +0 scale mail (worn)
 c - a +0 kite shield (worn)
Jewellery
 j - a ring of ice (left hand)
Scrolls
 e - a scroll of immolation {unknown}
 f - a scroll of silence {unknown}
 k - a scroll of teleportation {unknown}


   Skills:
 - Level 3.0 Fighting
 * Level 4.1 Axes
 - Level 3.0 Armour
 + Level 0.6 Dodging
 - Level 3.0 Shields


You had 3 spell levels left.
You didn't know any spells.
Your spell library was empty.

Dungeon Overview and Level Annotations

Branches:
Dungeon (1/15)

Altars:

Annotations:
D:2 Ijyb


Message History

A goblin comes into view. It is wielding a +0 dagger.
You block the adder's attack. The goblin hits you with a +0 club.
The adder bites you.
You hit the adder.
The adder is heavily wounded.
You slash the goblin!
You kill the goblin!
The adder bites you but does no damage.
The goblin throws a stone.
The stone hits you but does no damage. The adder bites you but does no damage.
You barely miss the adder.
The adder is heavily wounded.
You slash the goblin!
You kill the goblin!
The adder bites you but does no damage.
Ijyb zaps a wand.
The puff of flame hits you.
Ijyb screams, "It's all mine!"
You block the adder's attack.
You closely miss the adder.
The adder is heavily wounded.
You hit the goblin but do no damage. You block the adder's attack.
The adder bites you but does no damage.
You slash the adder!
You kill the adder!
You closely miss Ijyb. You block Ijyb's attack.
Your Axes skill increases to level 4!
You barely miss Ijyb.
Ijyb zaps a wand.
The puff of flame hits you. The fire burns you terribly!
Ijyb zaps a wand.
The puff of flame hits you! The fire burns you terribly!
You hit Ijyb but do no damage. Ijyb hits you with a +0 dagger.
You hit Ijyb but do no damage. Ijyb hits you but does no damage. x2
You hit Ijyb.
Ijyb is lightly wounded.
Ijyb zaps a wand.
The puff of flame hits you! The fire burns you terribly!
* * * LOW HITPOINT WARNING * * *
It was a potion of curing.
You feel better.
Ijyb zaps a wand.
The puff of flame hits you! The fire burns you terribly!
* * * LOW HITPOINT WARNING * * *
You feel very mighty all of a sudden.
Ijyb zaps a wand.
The puff of flame hits you.
You die...

#.......# 8.....8#
......# ....8# ....# .g.
#g# #g# #@# #†# #.# #.#
#.######### #>#
###.)..)).†.### #.#
..S..........##†..# #.#
############.##.#.####.#
#....#...##.#
#..#####.....


You could see Ijyb and 2 goblins.

Vanquished Creatures
  3 adders (D:2)
  2 bats
  3 endoplasms
  2 giant cockroaches
  6 goblins
  A hobgoblin (D:2)
  2 jackals (D:2)
  3 quokkas (D:1)
  3 ball pythons (D:1)
  2 frilled lizards
  5 kobolds
32 creatures vanquished.

Notes
Turn   | Place    | Note
-------+----------+-------------------------------------------
     0 | D:1      | Ha714701 the Human Fighter began the quest for the Orb.
     0 | D:1      | Reached XP level 1. HP: 18/18 MP: 1/1
    63 | D:1      | Reached XP level 2. HP: 23/24 MP: 2/2
    94 | D:1      | Found a faded altar of an unknown god.
   311 | D:1      | Reached skill level 3 in Axes
   420 | D:1      | You fall into a shaft and drop 1 floor!
   439 | D:2      | Reached XP level 3. HP: 28/29 MP: 3/3
   920 | D:2      | Reached XP level 4. HP: 30/35 MP: 4/4
   952 | D:2      | Noticed Ijyb
   959 | D:2      | Reached skill level 4 in Axes
   963 | D:2      | HP: 1/35 [Ijyb/puff of flame (9)]
   964 | D:2      | Killed from afar by Ijyb

Illustrated notes

Levels and vault maps discovered:
D:1:      dpeg_arrival_long_road, layout_basic,
          ebering_ecumenical_altar_petrified, skrybe_limestone_x
D:2:      kennysheep_the_goblin_king, layout_loops_ring

Skill      XL: |  1  2  3  4 |
---------------+-------------+-----
Axes           | 3 4 |  4.1
Fighting       | |  3.0
Armour         | |  3.0
Dodging        | |  0.6
Shields        | |  3.0

Action                   |  1- 3 |  4- 6 || total
-------------------------+-------+-------++-------
Melee: War axe           |   100 |    17 ||   117
 Fire: Hunting sling     |     1 |       ||     1
  Use: Potion            |       |     2 ||     2
Armor: Scale mail        |    56 |    14 ||    70
Dodge: Dodged            |    38 |     7 ||    45
Block: Kite shield       |    66 |    11 ||    77
